[Event "ICC tourney 2966 (30 10)"]
[Site "Internet Chess Club"]
[Date "2022.07.23"]
[Round "4"]
[White "LAUSER, JESSICA T:Shakhmatova"]
[Black "Johns, Timothy Wesley:nishanth600"]
[Result "1-0"]
[ICCResult "Black resigns"]
[WhiteElo "1532"]
[BlackElo "647"]
[Opening "Caro-Kann: closed (Breyer) variation"]
[ECO "B10"]
[NIC "CK.01"]
[Time "18:00:14"]
[PlyCount "131"]
[TimeControl "1800+10"]

1. e4 c6 2. d3 d5 3. Nd2 dxe4 4. dxe4 Nf6 5. Bd3 Bg4 6. Ngf3 e6 7. h3 Bh5 8.
e5 Nd5 9. Ne4 Nd7 10. Bg5 f6 11. exf6 N7xf6 12. O-O Be7 13. Nxf6+ Bxf6 14.
Bxf6 Qxf6 15. c3 Bxf3 16. Qxf3 Qxf3 17. gxf3 Nf4 18. Be4 Nxh3+ 19. Kh2 Ng5
20. Kg3 Nxe4+ 21. fxe4 O-O-O 22. f4 Rd2 23. Rf2 Rxf2 24. Kxf2 Rf8 25. Kg3
Kd7 26. Rd1+ Ke7 27. Kg4 Rd8 28. Rh1 h6 29. Rh2 Rd1 30. Rf2 Ra1 31. b3 Rc1
32. c4 Re1 33. Kf3 Rg1 34. Ke3 c5 35. Rd2 Rg6 36. f5 exf5 37. exf5 Rd6 38.
Rg2 Kf7 39. Ke4 g5 40. Ke5 Rf6 41. Rd2 Kg7 42. Rd7+ Rf7 43. Rd6 b6 44. a3
Re7+ 45. Kd5 Kh7 46. b4 cxb4 47. axb4 g4 48. Re6 Rf7 49. f6 Kg6 50. c5 bxc5
51. bxc5 h5 52. c6 g3 53. Re8 h4 54. Ke5 Kh5 55. Rg8 a5 56. Kf5 Kh6 57. Rg6+
Kh7 58. Rg4 Ra7 59. Rxh4+ Kg8 60. Rg4+ Kf8 61. Rxg3 a4 62. Rg7 Ra8 63. c7 a3
64. Rh7 Kg8 65. Kg6 a2 66. f7+ {Black resigns} 1-0

[Event "ICC tourney 2966 (30 10)"]
[Site "Internet Chess Club"]
[Date "2022.07.23"]
[Round "4"]
[White "Bharathy Mohan, Aarav Sai:aaravbm"]
[Black "BRUDNO, STEPHEN:StevChess01"]
[Result "1/2-1/2"]
[ICCResult "Game drawn by repetition"]
[WhiteElo "1169"]
[BlackElo "1438"]
[Opening "Sicilian defense"]
[ECO "B20"]
[NIC "SI.48"]
[Time "18:00:13"]
[PlyCount "151"]
[TimeControl "1800+10"]

1. e4 c5 2. c4 Nc6 3. Nc3 g6 4. d3 Bg7 5. Nge2 e6 6. g3 Nge7 7. Bg2 O-O 8.
O-O Nd4 9. Bd2 Nec6 10. a3 Ne5 11. Nc1 d6 12. Be3 Nec6 13. Rb1 Rb8 14. Qd2
a6 15. b4 cxb4 16. axb4 b5 17. cxb5 axb5 18. Nb3 Nxb3 19. Rxb3 Nd4 20. Bxd4
Bxd4 21. Ne2 Bg7 22. Rc1 Bd7 23. Rd1 Qb6 24. Rc1 Rfc8 25. Rbb1 Bc6 26. Rc2
Bb7 27. Rbc1 Bf6 28. h3 Rxc2 29. Qxc2 Rc8 30. Qd2 Rxc1+ 31. Qxc1 Kg7 32. Kf1
Bc6 33. Kg1 d5 34. h4 dxe4 35. dxe4 Be5 36. Qc2 f5 37. exf5 Bxg2 38. f6+
Bxf6 39. Kxg2 Qb7+ 40. Kg1 Qd5 41. Qc7+ Kg8 42. Qc8+ Kg7 43. Nf4 Qd1+ 44.
Kg2 e5 45. Ne6+ Kf7 46. Ng5+ Bxg5 47. hxg5 Qd5+ 48. Kh2 e4 49. Qc7+ Kg8 50.
Qe7 Qf7 51. Qd8+ Qf8 52. Qd5+ Qf7 53. Qd8+ Qf8 54. Qd5+ Qf7 55. Qxe4 Qxf2+
56. Kh3 Qf1+ 57. Kh4 Qc4 58. Qxc4+ bxc4 59. b5 c3 60. b6 c2 61. b7 c1=Q 62.
b8=Q+ Kg7 63. Qe5+ Kg8 64. Qe6+ Kg7 65. Qe7+ Kg8 66. Qe4 Qb2 67. Qe8+ Kg7
68. Qe7+ Kg8 69. Qd8+ Kg7 70. Qe7+ Kg8 71. Qe8+ Kg7 72. Qd7+ Kg8 73. Qd8+
Kg7 74. Qe7+ Kg8 75. Qe8+ Kg7 76. Qe7+ {Game drawn by repetition} 1/2-1/2

[Event "ICC tourney 2966 (30 10)"]
[Site "Internet Chess Club"]
[Date "2022.07.23"]
[Round "5"]
[White "WU, DARREN:chessboy111"]
[Black "Wu, Zhuoyuan:Jake000"]
[Result "1-0"]
[ICCResult "Black resigns"]
[WhiteElo "1246"]
[BlackElo "1372"]
[Opening "Sicilian: closed, 6.f4"]
[ECO "B25"]
[NIC "SI.45"]
[Time "20:00:15"]
[PlyCount "38"]
[TimeControl "1800+10"]

1. e4 c5 2. Nc3 Nc6 3. g3 d6 4. Bg2 g6 5. d3 Bg7 6. f4 Nf6 7. Nge2 O-O 8.
O-O Bd7 9. h3 e6 10. g4 Qc8 11. Ng3 Ne7 12. e5 dxe5 13. fxe5 Nfd5 14. Qe2
Nxc3 15. bxc3 Nc6 16. Bf4 Qc7 17. Rae1 Ne7 18. Ne4 Bxe5 19. Bxe5 Qa5
{Black resigns}
1-0

[Event "ICC tourney 2966 (30 10)"]
[Site "Internet Chess Club"]
[Date "2022.07.23"]
[Round "5"]
[White "WENG, JOHNSON:K01-30136161"]
[Black "Jiang, Zen:zenjiang"]
[Result "1-0"]
[ICCResult "Black checkmated"]
[WhiteElo "1226"]
[BlackElo "748"]
[Opening "Giuoco Piano"]
[ECO "C54"]
[NIC "IG.02"]
[Time "20:00:19"]
[PlyCount "85"]
[TimeControl "1800+10"]

1. e4 e5 2. Nf3 Nc6 3. Bc4 Bc5 4. c3 Nf6 5. d3 h6 6. b4 Bb6 7. a4 a6 8. a5
Ba7 9. O-O d6 10. h3 O-O 11. Be3 Be6 12. Bb3 Qd7 13. Bxa7 Rxa7 14. Na3 b5
15. axb6 cxb6 16. Bxe6 Qxe6 17. b5 Na5 18. bxa6 Rxa6 19. Nc4 Rfa8 20. Nxa5
Rxa5 21. Rxa5 bxa5 22. Qa4 Nd7 23. Qc6 Qe8 24. Qxd6 a4 25. Ra1 Ra7 26. Qb4
Qa8 27. Ra3 f6 28. c4 Ra5 29. Nd2 Ra6 30. Qb5 Qa7 31. Nb1 Nc5 32. Nc3 Nxd3
33. Qd5+ Kh8 34. Qxd3 Qc5 35. Rxa4 Rb6 36. Nb5 Rc6 37. Qd5 Qb6 38. Ra8+ Kh7
39. Qg8+ Kg6 40. Ra7 Rd6 41. Rxg7+ Kh5 42. Qf7+ Kh4 43. Rg4# {Black
checkmated} 1-0

[Event "ICC tourney 2966 (30 10)"]
[Site "Internet Chess Club"]
[Date "2022.07.23"]
[Round "5"]
[White "Anthony, Joseph:ajk170378"]
[Black "Doan Giang, Nguyen Doan:Doctorstrange04"]
[Result "1/2-1/2"]
[ICCResult "Game drawn by repetition"]
[WhiteElo "1599"]
[BlackElo "1750"]
[Opening "Sicilian: accelerated fianchetto, modern variation"]
[ECO "B34"]
[NIC "SI.33"]
[Time "20:00:14"]
[PlyCount "92"]
[TimeControl "1800+10"]

1. e4 c5 2. Nf3 Nc6 3. d4 cxd4 4. Nxd4 g6 5. Nc3 Bg7 6. Be3 Nf6 7. f3 O-O 8.
Bc4 Qb6 9. Bb3 Nxe4 10. Nd5 Qa5+ 11. c3 Nc5 12. O-O e6 13. Nxc6 dxc6 14.
Ne7+ Kh8 15. Qd2 Nxb3 16. axb3 Qc7 17. Nxc8 Rfxc8 18. Rfd1 Rd8 19. Rxa7 Rxd2
20. Rxa8+ Bf8 21. Rxd2 Kg7 22. Rdd8 Be7 23. Rg8+ Kf6 24. g4 Qe5 25. Bf2 Bc5
26. Bxc5 Qxc5+ 27. Kg2 Qb5 28. Rad8 Qe2+ 29. Kg3 Qxb2 30. Rgf8 Qxb3 31. Rd7
e5 32. h4 h6 33. g5+ hxg5 34. hxg5+ Kxg5 35. Rfxf7 b5 36. Rde7 Qxc3 37.
Rxe5+ Kh6 38. Re4 b4 39. Rh4+ Kg5 40. Rg4+ Kh6 41. Rh4+ Kg5 42. Rg4+ Kh6 43.
Rh4+ Kg5 44. Rg4+ Kh6 45. Rh4+ Kg5 46. Rg4+ Kh6 {Game drawn by repetition}
1/2-1/2

[Event "ICC tourney 2966 (30 10)"]
[Site "Internet Chess Club"]
[Date "2022.07.23"]
[Round "5"]
[White "Johns, Timothy Wesley:nishanth600"]
[Black "SHAH-GUSTAFSSON, LINNEA:Saga44"]
[Result "1/2-1/2"]
[ICCResult "Game drawn by mutual agreement"]
[WhiteElo "647"]
[BlackElo "1067"]
[Opening "Petrov: Cozio (Lasker) attack"]
[ECO "C42"]
[NIC "RG.03"]
[Time "20:00:16"]
[PlyCount "95"]
[TimeControl "1800+10"]

1. e4 e5 2. Nf3 Nf6 3. Nxe5 d6 4. Nf3 Nxe4 5. Qe2 Qe7 6. d3 Nf6 7. Bg5 Qxe2+
8. Bxe2 Be7 9. O-O Bg4 10. Re1 O-O 11. Nc3 Nc6 12. Ne4 Nd5 13. Bxe7 Ndxe7
14. c3 Ne5 15. Nxe5 Bxe2 16. Rxe2 dxe5 17. Nc5 Nc6 18. Nxb7 Rab8 19. Nc5 Rb5
20. Nb3 Rd8 21. Rd1 Rbd5 22. d4 h6 23. Red2 exd4 24. Nxd4 Nxd4 25. Rxd4 Rxd4
26. Rxd4 Rb8 27. Rd2 Kf8 28. f4 Ke7 29. Kf2 Ke6 30. g4 f5 31. h3 Rb6 32. Kg3
Kf6 33. b3 Rc6 34. c4 Ra6 35. c5 Ra5 36. b4 Ra3+ 37. Kg2 Ra4 38. Rb2 c6 39.
Kg3 Ra3+ 40. Rb3 Rxa2 41. b5 cxb5 42. Rxb5 a5 43. gxf5 a4 44. Ra5 a3 45. c6
Rc2 46. Ra6 Kxf5 47. c7 Rxc7 48. Rxa3 {Game drawn by mutual agreement}
1/2-1/2

[Event "ICC tourney 2966 (30 10)"]
[Site "Internet Chess Club"]
[Date "2022.07.23"]
[Round "5"]
[White "BRUDNO, STEPHEN:StevChess01"]
[Black "Agahian, Ryan:AgahianR"]
[Result "1-0"]
[ICCResult "Black checkmated"]
[WhiteElo "1438"]
[BlackElo "1124"]
[Opening "QGD: exchange, positional line"]
[ECO "D35"]
[NIC "QO.16"]
[Time "20:00:15"]
[PlyCount "155"]
[TimeControl "1800+10"]

1. d4 d5 2. c4 e6 3. Nc3 Nf6 4. cxd5 exd5 5. Bg5 Be7 6. e3 Be6 7. Nf3 Nbd7
8. Rc1 a6 9. Bd3 h6 10. Bh4 g5 11. Bg3 Nh5 12. Be5 f6 13. Bg6+ Bf7 14. Bxf7+
Kxf7 15. Bg3 Nxg3 16. hxg3 Nb6 17. Nd2 Qd7 18. Qh5+ Kg7 19. Ke2 Rag8 20. Qf3
c6 21. Nb3 Bd6 22. g4 Re8 23. Qf5 Qe7 24. Kd3 Nc4 25. Nd1 b6 26. Nd2 Nxd2
27. Kxd2 Bb4+ 28. Nc3 c5 29. Kc2 Bxc3 30. bxc3 cxd4 31. cxd4 Qe4+ 32. Qxe4
Rxe4 33. Kd3 Rxg4 34. g3 Re4 35. Rc7+ Kg6 36. Rhc1 Rd8 37. R1c6 Rb8 38. Rd7
h5 39. Rxd5 Re7 40. Rdd6 Rf7 41. Rxb6 Rxb6 42. Rxb6 Kf5 43. f3 h4 44. e4+
Kg6 45. gxh4 gxh4 46. Rb2 Kg5 47. Ke3 Rc7 48. Rg2+ Kh5 49. Kf4 Rc3 50. d5
Rd3 51. Rf2 Rd1 52. Kf5 h3 53. Kxf6 Kh4 54. Ke6 Kg3 55. Rb2 Rg1 56. d6 Rg2
57. Rb1 h2 58. Rh1 Rd2 59. e5 Kg2 60. Rxh2+ Kxh2 61. d7 Rxa2 62. d8=Q Rg2
63. Qh4+ Kg1 64. Qg4 a5 65. Qd4+ Rf2 66. Qa4 Rxf3 67. Qxa5 Kg2 68. Qd5 Kg3
69. Qxf3+ Kxf3 70. Kd6 Kf4 71. e6 Kf5 72. e7 Kf6 73. e8=Q Kg7 74. Ke5 Kh7
75. Qf7+ Kh8 76. Qh5+ Kg7 77. Ke6 Kf8 78. Qf7# {Black checkmated} 1-0

[Event "ICC tourney 2966 (30 10)"]
[Site "Internet Chess Club"]
[Date "2022.07.23"]
[Round "5"]
[White "ZHANG, ARI:brass60Six"]
[Black "Bharathy Mohan, Aarav Sai:aaravbm"]
[Result "1-0"]
[ICCResult "Black checkmated"]
[WhiteElo "1289"]
[BlackElo "1169"]
[Opening "QGD Slav: 4.Nc3"]
[ECO "D15"]
[NIC "SL.03"]
[Time "20:00:16"]
[PlyCount "89"]
[TimeControl "1800+10"]

1. d4 d5 2. c4 c6 3. Nf3 Nf6 4. Nc3 Bf5 5. Bf4 e6 6. a3 Nbd7 7. cxd5 exd5 8.
e3 Be7 9. Be2 h6 10. h3 a6 11. Bd3 Be6 12. Bc2 Qa5 13. Qd2 b5 14. O-O Qb6
15. Rad1 g5 16. Bg3 g4 17. hxg4 Bxg4 18. Rfe1 h5 19. Rc1 Rg8 20. Nh2 Be6 21.
e4 dxe4 22. Nxe4 Ng4 23. Nd6+ Kd8 24. Nf5 Bxf5 25. Bxf5 Ndf6 26. Nxg4 Nxg4
27. Qc3 h4 28. Bxg4 hxg3 29. Bf3 gxf2+ 30. Kxf2 Bh4+ 31. Kf1 Bxe1 32. Kxe1
Rc8 33. d5 Qg1+ 34. Kd2 Rxg2+ 35. Be2 Qh2 36. Qf6+ Ke8 37. Re1 cxd5 38. Qf5
Qh6+ 39. Kd3 Rg3+ 40. Bf3+ Kd8 41. Qxd5+ Kc7 42. Re7+ Kb6 43. Qd4+ Rc5 44.
Rb7+ Ka5 45. Qb4# {Black checkmated} 1-0

[Event "ICC tourney 2966 (30 10)"]
[Site "Internet Chess Club"]
[Date "2022.07.23"]
[Round "5"]
[White "RAJ, ADITYA:SunKing007"]
[Black "Ledas, Armandas:ArmandasLedas"]
[Result "1-0"]
[ICCResult "Black resigns"]
[WhiteElo "1583"]
[BlackElo "1358"]
[Opening "QGD Slav defense"]
[ECO "D43"]
[NIC "SL.01"]
[Time "20:00:29"]
[PlyCount "87"]
[TimeControl "1800+10"]

1. d4 d5 2. c4 c6 3. Nc3 Nf6 4. Bg5 e6 5. Nf3 Be7 6. e3 Nbd7 7. Bd3 b6 8.
O-O O-O 9. Rc1 Bb7 10. b3 h6 11. Bh4 c5 12. Qe2 Qc7 13. Rfd1 a6 14. Na4 Rfd8
15. b4 dxc4 16. Bb1 b5 17. Nxc5 Nxc5 18. bxc5 Ne4 19. Bxe7 Qxe7 20. Ne5 Qc7
21. Qg4 Nf6 22. Qg3 Nd5 23. f4 Nf6 24. Qf2 Nd7 25. Rf1 Bd5 26. Qg3 Qa5 27.
e4 Nxe5 28. exd5 Nd3 29. Bxd3 cxd3 30. dxe6 Rxd4 31. Qe3 Rdd8 32. e7 Re8 33.
Rcd1 Qxa2 34. Rfe1 Ra7 35. Qxd3 Qc4 36. Qxc4 bxc4 37. Rd8 Ra8 38. Rxa8 Rxa8
39. e8=Q+ Rxe8 40. Rxe8+ Kh7 41. Ra8 c3 42. Rxa6 c2 43. Ra1 c1=Q+ 44. Rxc1
{Black resigns}
1-0

[Event "ICC tourney 2966 (30 10)"]
[Site "Internet Chess Club"]
[Date "2022.07.23"]
[Round "5"]
[White "CORBIT, WILL:wcorbit1"]
[Black "Wagner, Joe:Jwagner354"]
[Result "0-1"]
[ICCResult "White forfeits on time"]
[WhiteElo "1378"]
[BlackElo "706"]
[Opening "Pirc: classical (two knights) system"]
[ECO "B08"]
[NIC "PU.10"]
[Time "20:00:17"]
[PlyCount "76"]
[TimeControl "1800+10"]

1. e4 d6 2. d4 Nf6 3. Nc3 g6 4. Nf3 Bg7 5. Be3 O-O 6. Qd2 Nbd7 7. Bh6 c6 8.
Bxg7 Kxg7 9. O-O-O Nb6 10. Qg5 d5 11. e5 Ne4 12. Nxe4 dxe4 13. Nh4 Na4 14.
Bc4 Nb6 15. Bb3 Be6 16. g4 Bxb3 17. axb3 f6 18. Qe3 fxe5 19. dxe5 Nd5 20.
Qxe4 Qa5 21. f3 Qa1+ 22. Kd2 Qxb2 23. Rb1 Qc3+ 24. Ke2 Nf4+ 25. Kf2 Rad8 26.
Rbd1 Rxd1 27. Rxd1 b5 28. Ng2 Nh3+ 29. Ke2 a5 30. f4 a4 31. bxa4 bxa4 32. e6
Ra8 33. Qd4+ Qxd4 34. Rxd4 a3 35. Rd1 Ra4 36. Ra1 Nxf4+ 37. Nxf4 Rxf4 38.
Rxa3 Rxg4 {White forfeits on time} 0-1

[Event "ICC tourney 2966 (30 10)"]
[Site "Internet Chess Club"]
[Date "2022.07.23"]
[Round "5"]
[White "MALAKAR, SAARTHAK:iamvoltu"]
[Black "GRIFFIN, MILES NATHANIEL:Vectarious"]
[Result "1/2-1/2"]
[ICCResult "Game drawn because neither player has mating material"]
[WhiteElo "1631"]
[BlackElo "1648"]
[Opening "King's Indian: London system"]
[ECO "A48"]
[NIC "QP.03"]
[Time "20:00:13"]
[PlyCount "142"]
[TimeControl "1800+10"]

1. d4 Nf6 2. Nf3 g6 3. Bf4 Bg7 4. g3 O-O 5. Bg2 d6 6. c4 c5 7. Nc3 Na6 8. d5
Nc7 9. e4 a6 10. a4 b6 11. O-O Rb8 12. e5 Nfe8 13. Re1 Bg4 14. h3 Bxf3 15.
Bxf3 b5 16. axb5 axb5 17. cxb5 Nxb5 18. Nxb5 Rxb5 19. Qe2 Qb8 20. Rab1 Rb3
21. Kg2 h6 22. h4 Qb5 23. Qd2 Kh7 24. Be2 Qb4 25. Qxb4 Rxb4 26. Bf3 Rb6 27.
Bd1 Nc7 28. Bf3 Kg8 29. exd6 exd6 30. Re7 Nb5 31. Rd7 Re8 32. Kf1 h5 33. Kg2
Be5 34. Re1 Nd4 35. Bxe5 Nxf3 36. Kxf3 Rxe5 37. Rxe5 dxe5 38. Rc7 Rxb2 39.
Rxc5 Rd2 40. Ke3 Rd4 41. d6 f6 42. f4 Rxd6 43. fxe5 fxe5 44. Rxe5 Kf7 45.
Ra5 Kf6 46. Kf4 Rb6 47. Rc5 Rb4+ 48. Kf3 Rg4 49. Ra5 Kg7 50. Rb5 Kh6 51. Ra5
Rb4 52. Rc5 Rb1 53. Ra5 Rf1+ 54. Kg2 Rf8 55. Kh3 Kg7 56. Kg2 Rf6 57. Kh3 Re6
58. Kg2 Kf6 59. Kf3 Re5 60. Rxe5 Kxe5 61. Ke3 Kf5 62. Kf3 Ke5 63. Ke3 Kf5
64. Kf3 g5 65. hxg5 Kxg5 66. Kf2 Kg4 67. Kg2 Kf5 68. Kf3 Kg5 69. Kf2 Kg4 70.
Kg2 h4 71. gxh4 Kxh4 {Game drawn because neither player has mating material}
1/2-1/2

[Event "ICC tourney 2966 (30 10)"]
[Site "Internet Chess Club"]
[Date "2022.07.23"]
[Round "5"]
[White "GEVORGYAN, DAVIT:Davo29"]
[Black "GUTIERREZ, AUGUSTO E:elytito2017"]
[Result "1/2-1/2"]
[ICCResult "Game drawn by repetition"]
[WhiteElo "1644"]
[BlackElo "1715"]
[Opening "Sicilian: Nimzovich-Rossolimo attack (without ...d6)"]
[ECO "B30"]
[NIC "SI.31"]
[Time "20:00:17"]
[PlyCount "193"]
[TimeControl "1800+10"]

1. e4 c5 2. Nf3 Nc6 3. Bb5 d6 4. O-O Bd7 5. Re1 Nf6 6. c3 a6 7. Bf1 Bg4 8.
d3 e6 9. Bg5 Be7 10. Be2 O-O 11. Nfd2 Bxe2 12. Qxe2 h6 13. Bh4 d5 14. e5 Nd7
15. Bxe7 Qxe7 16. f4 b5 17. Nf3 a5 18. d4 b4 19. Nbd2 Rfe8 20. Reb1 c4 21.
a3 Nb6 22. Qd1 Qd7 23. Qc2 b3 24. Qd1 Ne7 25. Qe2 Na4 26. Nf1 g6 27. g4 Kg7
28. Ne3 Rh8 29. h3 Rag8 30. Kg2 h5 31. Rh1 Qc8 32. Rag1 hxg4 33. hxg4 Rxh1
34. Rxh1 Rh8 35. Rh4 Rxh4 36. Nxh4 Qh8 37. Kg3 Qh7 38. g5 Kf8 39. Qh2 Qh5
40. Qd2 Nf5+ 41. Nhxf5 gxf5 42. Qg2 Kg7 43. Qf2 Kg6 44. Qg2 Qh7 45. Nd1 Kg7
46. Qh3 Kg6 47. Qxh7+ Kxh7 48. Kh3 Kg6 49. Kh4 Nb6 50. Ne3 Na4 51. Nd1 Kh7
52. Kh3 Kg7 53. Kg3 Kg6 54. Kh4 Kh7 55. Kh3 Nb6 56. Ne3 Nd7 57. Kg3 Kg6 58.
Kh4 Nf8 59. Nd1 Kh7 60. Kg3 Kg6 61. Kh4 Kg7 62. Kg3 Ng6 63. Ne3 Ne7 64. Kh4
Kh7 65. Kg3 Kg6 66. Kh4 Nc8 67. Nd1 Na7 68. Ne3 Nb5 69. Nd1 a4 70. Kg3 Kh5
71. Kh3 Na7 72. Ne3 Nc6 73. Nd1 Ne7 74. Kg3 Ng6 75. Ne3 Ne7 76. Nd1 Nc6 77.
Kh3 Na7 78. Kg3 Nb5 79. Kh3 Nc7 80. Kg3 Ne8 81. Kh3 Ng7 82. Kg3 Kg6 83. Ne3
Nh5+ 84. Kf3 Ng7 85. Kg3 Ne8 86. Kh3 Nc7 87. Kg3 Na6 88. Nd1 Nb8 89. Kh3 Nc6
90. Kg3 Kh5 91. Kh3 Ne7 92. Kg3 Ng6 93. Ne3 Ne7 94. Kh3 Nc6 95. Nd1 Na7 96.
Kg3 Nb5 97. Kh3 {Game drawn by repetition} 1/2-1/2